 Dungeon Crawl Stone Soup version 0.23.2-30-g0e89c35649 (webtiles) character file.

Game seed: 11741672598630385795

2296 MalarOregon the Digger (level 9, -2/72 HPs)
             Began as a Ghoul Earth Elementalist on June 9, 2019.
             Was an Initiate of Dithmenos.
             Slain by a gnoll (8 damage)
             ... on level 6 of the Dungeon on June 10, 2019.
             The game lasted 00:24:52 (8568 turns).

MalarOregon the Digger (Ghoul Earth Elementalist)   Turns: 8568, Time: 00:24:53

Health: -2/72      AC:  5    Str: 12    XL:     9   Next: 40%
Magic:  3/16       EV: 13    Int: 13    God:    Dithmenos [......]
Gold:   264        SH:  0    Dex:  9    Spells: 3/18 levels left

rFire    + . .     SeeInvis .   a - +2 whip (freeze)
rCold    + + .     Gourm    .   (no shield)
rNeg     + + +     Faith    .   c - +0 robe
rPois    ∞         Spirit   .   m - +1 helmet
rElec    .         Reflect  .   k - scarf {rC+ rF+}
rCorr    .         Harm     .   (no gloves)
MR       .....                  n - +0 pair of boots
Stlth    ++........             (no amulet)
HPRegen  0.00/turn              (no ring)
MPRegen  0.15/turn              (no ring)

@: rotting
A: rotting body, claws 1, carnivore, cold resistance 1, negative energy
resistance 3, inhibited regeneration, torment resistance, unbreathing
a: Renounce Religion


You were on level 6 of the Dungeon.
You worshipped Dithmenos.
Dithmenos was noncommittal.
You were not hungry.

You visited 2 branches of the dungeon, and saw 7 of its levels.

You collected 264 gold pieces.

Inventory:

Hand Weapons
 a - a +2 whip of freezing (weapon)
   (You took it off Pikel on level 3 of the Dungeon)
Armour
 c - a +0 robe (worn)
 k - a scarf of resistance (worn)
   (You found it on level 1 of the Dungeon)
 m - a +1 helmet (worn)
   (You found it on level 2 of the Dungeon)
 n - a +0 pair of boots (worn)
   (You found it on level 4 of the Dungeon)
Magical Staves
 p - an uncursed staff of death
   (You found it on level 5 of the Dungeon)
Wands
 d - a wand of iceblast (5)
   (You took it off Ijyb on level 2 of the Dungeon)
Scrolls
 f - a scroll of immolation {!r}
 h - 7 scrolls of identify {@r1}
 l - 2 scrolls of teleportation {@r4}
 o - a scroll of enchant weapon
 q - a scroll of blinking
 r - 2 scrolls of enchant armour
 t - 2 scrolls of remove curse {@r2}
Potions
 g - a potion of brilliance
 i - a potion of heal wounds {@q2}
 j - a potion of resistance
 s - 2 potions of lignification
 u - a potion of might {unknown}
Comestibles
 e - 10 rations {!d}


   Skills:
 + Level 4.5 Fighting
 + Level 4.3 Dodging
 - Level 2.1 Stealth
 * Level 5.4 Spellcasting
 * Level 4.5 Conjurations
 - Level 0.8 Transmutations
 * Level 7.7 Earth Magic


You had 3 spell levels left.
You knew the following spells:

 Your Spells              Type           Power        Failure   Level  Hunger
a - Sandblast             Erth           ###...       1%          1    None
b - Lee's Rapid Deconstr  Erth           ###.......   21%         5    ######.
c - Petrify               Tmut/Erth      ##......     30%         4    ####...
q - Passwall              Tmut/Erth      ##......     4%          2    ##.....
x - Stone Arrow           Conj/Erth      ###...       4%          3    ###....

Your spell library contained the following spells:

 Spells                   Type           Power        Failure   Level  Hunger


Dungeon Overview and Level Annotations

Branches:
Dungeon (6/15)             Temple (1/1) D:6

Altars:
Ashenzari
Dithmenos
Elyvilon
Fedhas
Gozag
Hepliaklqana
Kikubaaqudgha
Makhleb
Nemelex Xobeh
Okawaru
Qazlal
Ru
Sif Muna
Trog
Uskayaw
Vehumet
Wu Jian
Xom
Zin
The Shining One

Annotations:
D:4 1 runed translucent door, konso's ghost, amateur SpAs
D:5 Sigmund


Innate Abilities, Weirdness & Mutations

Your body is rotting away.
You thrive on raw meat.
You are immune to poison.
You have sharp fingernails.
You are carnivorous and can eat meat at any time.
Your flesh is cold resistant. (rC+)
You are immune to negative energy. (rN+++)
You do not regenerate when monsters are visible.
You are immune to unholy pain and torment.
You can survive without breathing.


Message History

The gnoll shaman drinks a potion.
The gnoll shaman is healed!
You closely miss the gnoll shaman.
The gnoll shaman hits you with a +0 club.
You hit the gnoll shaman. You freeze the gnoll shaman.
The gnoll shaman misses you.
Aim: a gnoll, wielding a +0 club (almost dead, fast)
The stone arrow misses the gnoll shaman.
The stone arrow hits the gnoll!
You kill the gnoll!
Dithmenos accepts your kill.
The howler monkey hoots and howls with incredible vigour!
The gnoll shaman barely misses you.
You hit the gnoll shaman. You freeze the gnoll shaman.
The gnoll shaman hits you with a +0 club.
You barely miss the gnoll shaman.
The gnoll shaman hits you with a +0 club.
* * * LOW HITPOINT WARNING * * *
You closely miss the gnoll shaman. The gnoll shaman barely misses you.
You hit the gnoll shaman but do no damage.
The gnoll shaman hits you with a +0 club.
* * * LOW HITPOINT WARNING * * *
You hit the gnoll shaman. You freeze the gnoll shaman.
You kill the gnoll shaman!
Dithmenos accepts your kill.
The gnoll throws a throwing net.
The throwing net closely misses you.
A rat comes into view.
You hit the gnoll. You freeze the gnoll. The gnoll closely misses you.
The gnoll hits you.
* * * LOW HITPOINT WARNING * * *
All of the chunks of flesh in your inventory have rotted away.
You barely miss the gnoll. The gnoll barely misses you.
The howler monkey hoots and howls with incredible vigour!
Unknown command.
You hit the gnoll. You freeze the gnoll. The gnoll barely misses you.
The gnoll hits you!
* * * LOW HITPOINT WARNING * * *
You barely miss the gnoll. The gnoll closely misses you.
The gnoll hits you but does no damage.
You closely miss the gnoll. The gnoll completely misses you.
You barely miss the gnoll. The gnoll barely misses you. The gnoll hits you.
* * * LOW HITPOINT WARNING * * *
You hit the gnoll but do no damage. The gnoll hits you but does no damage.
The gnoll hits you!
* * * LOW HITPOINT WARNING * * *
You hit the gnoll but do no damage. The gnoll barely misses you.
You closely miss the gnoll.
The gnoll is no longer moving quickly.
The gnoll hits you.
* * * LOW HITPOINT WARNING * * *
The gnoll hits you!
You die...

#........# # ##....#..## #
#...##...# #
##..####..########## #..##
#...#........ #.###
###..#.......# #.#(#
#.#..#.......# #...#
#.##.#.......# ######@#
#..#>#......##
##....#g###..###......#
##......h.(##.........###
#.....................###
##........####...........#
###..........####......###..
..............# #......# ###
..............# ##....## #
###....)......## ##..##


You could see a howler monkey and a gnoll.

Vanquished Creatures
  Pikel (D:3)
  A black bear (D:4)
  2 ice beasts (D:6)
  A phantom (D:6)
  3 ogres
  A centaur (D:6)
  2 bullfrogs
  A gnoll sergeant (D:6)
  2 scorpions (D:4)
  3 howler monkeys
  A crimson imp (D:5)
  3 hounds
  A gnoll shaman (D:6)
  3 orc priests
  2 bullfrog skeletons
  Ijyb (D:2)
  4 orc wizards (D:5)
  A worker ant (D:5)
  A hound zombie (D:5)
  7 adders
  6 gnolls (D:6)
  An ooze (D:3)
  4 worms
  7 leopard geckos
  12 orcs
  6 giant cockroaches
  9 goblins
  11 hobgoblins
  7 jackals
  9 kobolds
  5 quokkas
  6 bats
  5 frilled lizards
  8 rats
137 creatures vanquished.

Vanquished Creatures (others)
  A scorpion (D:4)
1 creature vanquished.

Grand Total: 138 creatures vanquished

Notes
Turn   | Place    | Note
-------+----------+-------------------------------------------
     0 | D:1      | MalarOregon the Ghoul Earth Elementalist began the quest
                  | for the Orb.
     0 | D:1      | Reached XP level 1. HP: 14/14 MP: 2/2
   132 | D:1      | Reached XP level 2. HP: 11/22 MP: 0/3
   469 | D:1      | Reached skill level 1 in Fighting
   489 | D:1      | Reached XP level 3. HP: 23/28 MP: 3/5
  1594 | D:2      | Reached skill level 4 in Earth Magic
  1716 | D:2      | Reached XP level 4. HP: 35/35 MP: 4/6
  2224 | D:2      | Found a sparkling altar of Nemelex Xobeh.
  2642 | D:2      | Reached XP level 5. HP: 33/41 MP: 8/8
  2797 | D:3      | Noticed Ijyb
  2877 | D:2      | Killed Ijyb
  3024 | D:3      | Learned a level 3 spell: Stone Arrow
  3558 | D:3      | Found a bloodstained altar of Trog.
  4124 | D:4      | Reached XP level 6. HP: 42/48 MP: 0/9
  4221 | D:4      | Reached skill level 1 in Conjurations
  4230 | D:4      | Reached skill level 5 in Earth Magic
  4635 | D:4      | Reached XP level 7. HP: 40/56 MP: 0/11
  4651 | D:4      | Noticed Pikel
  4951 | D:4      | Found a runed translucent door.
  4951 | D:4      | Noticed konso's ghost (amateur SpAs)
  5670 | D:3      | Killed Pikel
  5670 | D:3      | Reached skill level 6 in Earth Magic
  5670 | D:3      | Reached XP level 8. HP: 9/61 MP: 1/13
  6215 | D:4      | Found a glowing silver altar of Zin.
  6327 | D:5      | Entered Level 5 of the Dungeon
  6442 | D:5      | Found a faded altar of an unknown god.
  6442 | D:5      | Found a white marble altar of Elyvilon.
  6462 | D:5      | Found a burning altar of Makhleb.
  6464 | D:5      | Found a shimmering altar of Xom.
  6466 | D:5      | Found an ornate altar of the Wu Jian Council.
  6922 | D:5      | Reached skill level 7 in Earth Magic
  7182 | D:5      | Noticed Sigmund
  7578 | D:6      | Reached skill level 5 in Spellcasting
  7620 | D:6      | Reached XP level 9. HP: 63/69 MP: 11/15
  7819 | D:6      | Found a staircase to the Ecumenical Temple.
  7839 | Temple   | Entered the Ecumenical Temple
  7944 | Temple   | Became a worshipper of Dithmenos the Shadowed
  8064 | D:6      | Learned a level 2 spell: Passwall
  8070 | D:6      | Learned a level 5 spell: Lee's Rapid Deconstruction
  8075 | D:6      | Learned a level 4 spell: Petrify
  8086 | D:6      | Found a stormy altar of Qazlal.
  8088 | D:6      | Found a stormy altar of Qazlal.
  8235 | D:6      | Found a hazy altar of Hepliaklqana.
  8568 | D:6      | Slain by a gnoll

Skill      XL: |  1  2  3  4  5  6  7  8  9 |
---------------+----------------------------+-----
Spellcasting   | 2 3 4 5 |  5.4
Dodging        | 2 3 4 |  4.3
Fighting       | 1 2 3 4 |  4.5
Earth Magic    | 4 5 6 7 |  7.7
Conjurations   | 1 2 3 4 |  4.5
Stealth        | |  2.1
Transmutations | |  0.8

Action                   |  1- 3 |  4- 6 |  7- 9 || total
-------------------------+-------+-------+-------++-------
Melee: Unarmed           |    85 |       |       ||    85
       Dagger            |    42 |   204 |    56 ||   302
       Whip              |       |       |   169 ||   169
 Cast: Sandblast         |    35 |    88 |    60 ||   183
       Stone Arrow       |       |     2 |    36 ||    38
  Use: Scroll            |       |       |    12 ||    12
       Potion            |       |       |     6 ||     6
 Stab: Sleeping          |     2 |     2 |     2 ||     6
  Eat: Chunk             |     4 |    21 |    16 ||    41
       Ration            |       |       |     3 ||     3
Armor: Robe              |    24 |    46 |    56 ||   126
Dodge: Dodged            |    98 |   173 |   191 ||   462
